AoeStats
← Pwncakes

Lombardia

507139559Analyzed
2v2 RM · 17d ago on Sep 16, 2026· 53m 17s· 4 players
Game mode
Random Map
Map size
Medium (4 player)
Population
200
Speed
Normal
Resources
Standard
Victory
Conquest
Starting age
Dark Age
Ending age
Imperial Age
RankedLock teamsTeams togetherTeam positionsShared explorationLock speedFull tech treeHidden civsTurbo modeCheats
Victory
Defeat
🇨🇦 Khitans · Canada
1394
+12
🇺🇸 Mapuche · United States
1385
+12
🇦🇷 Japanese · Argentina
1317
-13
🇦🇷 Slavs · Argentina
1280
-11
Whitebear
8:30 Loom
10:33 Feudal Age
16:19 Castle Age
15:00 Double-Bit Axe
16:36 Forging
16:12 Domestication
18:00 Pastoralism
18:17 Bow Saw
20:04 Gold Mining
21:09 Husbandry
24:20 Iron Casting
24:25 Pastoralism
26:01 Scale Barding Armor
27:27 Chain Barding Armor
30:58 Town Watch
31:50 Wheelbarrow
34:44 Stone Mining
35:06 Fletching
35:45 Light Cavalry
37:23 Hand Cart
42:26 Imperial Age
41:40 Ballistics
41:01 Treadmill Crane
41:49 Arson
42:05 Squires
41:50 Gambesons
42:10 Scale Mail Armor
42:47 Heavy Camel Rider
44:58 Hussar
46:36 Plate Barding Armor
46:58 Conscription
48:00 Bodkin Arrow
48:58 Transhumance
48:53 Bracer
49:10 Chain Mail Armor
52:02 Padded Archer Armor
53:14 Chemistry
52:25 Masonry
52:21 Siege Engineers
52:50 Plate Mail Armor
53:18 Leather Archer Armor
Pwncakes
10:40 Feudal Age
12:29 Loom
15:23 Castle Age
13:45 Double-Bit Axe
13:52 Gold Mining
15:43 Fletching
17:56 Padded Archer Armor
21:41 Horse Collar
23:29 Fervor
23:47 Bodkin Arrow
26:15 Elite Skirmisher
27:11 Stone Mining
27:38 Bow Saw
27:22 Stone Mining
28:17 Ballistics
29:19 Leather Archer Armor
31:16 Heavy Plow
32:18 Malon
37:34 Imperial Age
36:27 Wheelbarrow
38:47 Butalmapu
39:03 Conscription
39:23 Ring Archer Armor
38:14 Onager
39:13 Hand Cart
38:31 Elite Bolas Rider
41:44 Chemistry
45:41 Elite Kona
47:29 Careening
47:09 Treadmill Crane
51:06 Elite Kona
52:23 Hoardings
53:19 Forging
C h u c k
6:53 Loom
9:02 Feudal Age
9:31 Double-Bit Axe
12:53 Fletching
14:42 Padded Archer Armor
21:45 Castle Age
21:09 Horse Collar
21:20 Gold Mining
21:47 Town Watch
21:48 Crossbowman
22:35 Bodkin Arrow
24:14 Ballistics
28:36 Thumb Ring
30:44 Leather Archer Armor
31:36 Husbandry
33:07 Bow Saw
35:10 Wheelbarrow
35:33 Gold Shaft Mining
35:17 Heavy Plow
40:10 Imperial Age
38:45 Bloodlines
39:21 Hand Cart
39:27 Town Patrol
40:14 Arbalester
40:55 Bracer
41:57 Chemistry
41:31 Ring Archer Armor
41:55 Conscription
41:37 Elite Skirmisher
51:36 Parthian Tactics
50:32 Heavy Cavalry Archer
51:19 Squires
51:04 Arson
52:06 Kataparuto
54:22 Two-Man Saw
Lilita Carrió
6:33 Loom
9:25 Feudal Age
10:00 Double-Bit Axe
9:57 Horse Collar
18:17 Scale Barding Armor
18:22 Forging
21:13 Castle Age
21:32 Bloodlines
21:15 Gold Mining
22:09 Bow Saw
22:03 Heavy Plow
23:59 Husbandry
25:02 Chain Barding Armor
24:26 Light Cavalry
28:57 Iron Casting
31:35 Wheelbarrow
30:46 Town Watch
31:55 Stone Mining
32:41 Gold Shaft Mining
37:04 Imperial Age
34:40 Detinets
38:08 Conscription
38:28 Plate Barding Armor
38:53 Blast Furnace
41:09 Two-Man Saw
40:40 Crop Rotation
43:34 Fletching
43:45 Padded Archer Armor
44:05 Hussar
45:36 Bodkin Arrow
47:23 Hand Cart
47:09 Town Patrol
46:38 Elite Skirmisher
51:21 Pikeman
52:01 Squires
52:32 Masonry
52:33 Fortified Wall
52:46 Ballistics
53:17 Squires
Connection lost

Rejoining the realm…

Still unreachable

The connection could not be restored.

Session expired

The server has moved on; the page needs a fresh start.